Map: Atropo LE

Players

ESCANOR - Winner!

  • Race: Protoss Protoss
  • League: Platinum
  • Spawn Location: 11:00

niko

  • Race: Zerg Zerg
  • League: Diamond
  • Spawn Location: 5:00

VOD

Have the link to the VOD?

Description

Time

  • Played on: March 23, 2020, 4:23 p.m.
  • Length: 6:51
Show
View Real Time Build Order
Export as new Build Order

ESCANOR Protoss - Winner!

Build Orders: 1 Gate Expand 

Get SALT Encoding   

  12  0:01  Probe  
  13  0:17  Pylon  
  13  0:18  Probe  
  14  0:30  Probe (Chrono Boost)  
  15  0:39  Gateway  
  16  0:44  Probe (Chrono Boost)  
  16  0:50  Pylon  
  16  1:00  Probe  
  16  1:03  Assimilator  
  17  1:05  Pylon  
  17  1:13  Probe  
  18  1:40  Nexus  
  18  1:43  Probe  
  18  1:44  Cybernetics Core  
  19  1:49  Assimilator  
  19  1:56  Probe  
  20  2:06  Pylon  
  20  2:08  Probe  
  21  2:19  Gateway  
  21  2:21  Stalker (Chrono Boost)  
  21  2:23  Warp Gate (Chrono Boost)  
  23  2:30  Probe  
  24  2:43  Twilight Council  
  24  2:49  Adept  
  26  2:53  Probe  
  26  2:54  Probe  
  28  3:08  Robotics Facility  
  28  3:10  Probe x2  
  30  3:33  Probe x2  
  36  3:37  Charge  
  36  3:45  Probe x2  
  36  4:00  Immortal (Chrono Boost)  
  36  4:03  Probe x2  
  38  4:29  Immortal (Chrono Boost)  
  38  4:30  Gateway, Zealot  
  40  4:32  Gateway  
  40  4:34  Zealot  
  40  4:37  Pylon  
  46  4:39  Pylon  
  46  4:51  Gateway  
  46  4:54  Gateway  
  46  4:55  Zealot x2  
  50  5:02  Warp Prism (Chrono Boost)  
  52  5:26  Zealot x3  
  58  5:29  Zealot, Pylon  
  58  5:31  Pylon  
  58  5:33  Pylon  
  60  5:50  Zealot x5  
  60  5:51  Zealot  
  72  6:05  Probe x2  
  74  6:17  Probe x2  
  76  6:29  Probe  
  76  6:30  Probe  
  74  6:37  Zealot x3  
  74  6:38  Zealot x3  
Show
View Real Time Build Order
Export as new Build Order

niko Zerg 

Build Orders: Pool First 

Get SALT Encoding   

  12  0:01  Drone  
  13  0:10  Drone  
  14  0:17  Overlord  
  14  0:37  Drone x3  
  17  1:07  Spawning Pool  
  16  1:21  Drone  
  16  1:22  Extractor, Drone x2  
  18  1:26  Hatchery  
  17  1:33  Drone  
  18  1:45  Drone  
  19  1:56  Overlord  
  19  1:58  Queen  
  21  2:05  Zergling x2  
  22  2:16  Zergling x2  
  23  2:29  Metabolic Boost  
  23  2:31  Zergling x2  
  24  2:39  Queen  
  24  2:40  Zergling x2  
  24  2:42  Drone  
  28  2:50  Zergling x4  
  30  2:54  Queen  
  32  2:59  Drone  
  32  3:01  Zergling x2  
  34  3:09  Overlord  
  34  3:13  Overlord  
  34  3:21  Queen  
  36  3:29  Drone x4  
  40  3:57  Hatchery  
  40  4:02  Drone x2  
  41  4:03  Overlord  
  41  4:15  Roach Warren, Drone x2  
  41  4:16  Drone  
  43  4:17  Evolution Chamber x2  
  43  4:18  Extractor  
  43  4:22  Drone  
  41  4:29  Overlord  
  41  4:46  Zergling x2  
  41  4:47  Zergling x6  
  41  4:51  Zerg Ground Armor Level 1  
  45  5:06  Extractor  
  44  5:07  Overlord  
  44  5:08  Overlord  
  44  5:09  Roach  
  46  5:26  Lair  
  46  5:31  Drone x3  
  46  5:32  Drone  
  46  5:34  Drone  
  51  5:46  Drone x2  
  51  5:47  Drone x2  
  55  5:57  Roach  
  55  5:58  Roach x2  
  60  6:11  Roach, Spine Crawler  
  61  6:12  Roach  
  61  6:17  Roach x2  
  67  6:21  Roach  
  67  6:24  Roach  
  71  6:29  Roach  
  71  6:32  Roach  
Tags
 
Add a new tag
Caveats
  • Supply blocks, unpowered buildings, or Contaminate may cause inaccurate times.
  • Supply counts are checked every 10 seconds.